 Dungeon Crawl Stone Soup version 0.20-b1 (webtiles) character file.

6 inmateoo the Stinger (level 1, -1/22 HPs)
             Began as a Naga Venom Mage on May 18, 2017.
             Slain by a jackal (2 damage)
             ... on level 1 of the Dungeon.
             The game lasted 00:00:53 (177 turns).

inmateoo the Stinger (Naga Venom Mage)               Turns: 177, Time: 00:00:53

Health: -1/22      AC: 20    Str: 10    XL:     1   Next: 90%
Magic:  0/3        EV:  1    Int: 15    God:
Gold:   43         SH:  0    Dex: 11    Spells: 3/4 levels left

rFire    . . .     SeeInvis +   (no weapon)
rCold    . . .     Gourm    .   (no shield)
rNeg     + + +     Faith    .   (armour currently unavailable)
rPois    +         Spirit   .   (helmet currently unavailable)
rElec    .         Reflect  .   (cloak currently unavailable)
rCorr    .         Harm     .   (gloves currently unavailable)
MR       .....     NoTele   +   (no barding)
Stlth    ++........             (no amulet)
Regen    0.1/turn               (no ring)
MPRegen  0.1/turn               (no ring)

@: tree-form
A: see invisible, slow metabolism 1, spit poison 1, AC +0
a: Spit Poison


You were on level 1 of the Dungeon.
You were not hungry.
You were a tree.
You visited 1 branch of the dungeon, and saw 1 of its levels.

You collected 43 gold pieces.

Inventory:

Missiles
 i - 6 javelins (quivered)
Armour
 a - a +0 robe (melded)
 d - a cursed +0 pair of gloves (melded)
Scrolls
 g - a scroll of magic mapping {unknown}
 k - a scroll of identify {unknown}
Potions
 f - a potion of resistance {unknown}
 h - a potion of brilliance {unknown}
Books
 b - a Young Poisoner's Handbook

   Spells                             Type                      Level
   a - Sting                          Conjuration/Poison           1
   b - Poisonous Vapours              Poison/Air                   2
   c - Mephitic Cloud                 Conjuration/Poison/Air       3
   d - Olgreb's Toxic Radiance        Poison                       4
   e - Venom Bolt                     Conjuration/Poison           5
Comestibles
 c - a bread ration
 j - 2 fruits


   Skills:
 + Level 1.5 Dodging
 - Level 3.0 Stealth
 + Level 2.1 Spellcasting
 + Level 1.1 Conjurations
 * Level 4.4 Poison Magic


You had 3 spell levels left.
You knew the following spells:

 Your Spells              Type           Power        Failure   Level  Hunger
a - Sting                 Conj/Pois      #...         7%          1    #......


Dungeon Overview and Level Annotations

Branches:
Dungeon (1/15)

Altars:


Innate Abilities, Weirdness & Mutations

You cannot wear boots.
((Your serpentine skin is tough. (AC +0)))
You have supernaturally acute eyesight. (SInv)
((Armour fits poorly on your strangely shaped body.))
((Your system is resistant to poisons. (rPois)))
((You cover ground very slowly.))
You have a slow metabolism.
You can spit poison.


Message History

Confirm with . or Enter, or press ? or * to list all spells.
You don't have enough magic to cast that spell.
Unknown command.
Unknown command.
Casting: Sting
Confirm with . or Enter, or press ? or * to list all spells.
You don't have enough magic to cast that spell.
Unknown command.
You hit the jackal but do no damage. The jackal bites you.
You hit the jackal but do no damage. The jackal bites you. x2
You closely miss the jackal. The jackal barely misses you.
You hit the jackal but do no damage. The jackal bites you.
* * * LOW HITPOINT WARNING * * *
You barely miss the jackal. The jackal barely misses you. The jackal bites you.
* * * LOW HITPOINT WARNING * * *
It was a potion of lignification.
You turn into a tree.
Your cursed +0 pair of gloves melds into your body.
Your +0 robe melds into your body.
Your roots penetrate the ground.
The jackal bites you.
You die...

#.....#......#
#.....#......#
#.>...#......#########
#.....#..............# #
#.....####..#...†....##
# #. ##.#.........###
##..### #.######..#....
.......###.######..#####
.......♣hh..............
.......#####..####.####.
##..### ##...##..##.. #.
####.###.....
####............
...........#...#
#####..........#
####.......# #.#.....#


You could see 2 jackals.

Vanquished Creatures
  2 goblins (D:1)
  A hobgoblin (D:1)
  A bat (D:1)
  A frilled lizard (D:1)
  A rat (D:1)
6 creatures vanquished.

Notes
Turn   | Place    | Note
-------+----------+-------------------------------------------
     0 | D:1      | inmateoo the Naga Venom Mage began the quest for the Orb.
     0 | D:1      | Reached XP level 1. HP: 15/15 MP: 3/3
   177 | D:1      | Slain by a jackal

Action                   || total
-------------------------++-------
Melee: Unarmed           ||    13
 Cast: Sting             ||    10
 Abil: Spit Poison       ||     1
  Use: Potion            ||     1
Armor: Robe              ||    10
Dodge: Dodged            ||    23
